 Dungeon Crawl Stone Soup version 0.30.0-18-gc0e69614cb (webtiles) character file.

Game seed: 5964598127756294974

21 wingedge the Gusty (level 2, -5/17 HPs)
             Began as an Octopode Wanderer on May 24, 2023.
             Slain by Sigmund
             ... wielding a +0 scythe
              (12 damage)
             ... on level 2 of the Dungeon.
             The game lasted 00:04:55 (1116 turns).

wingedge the Gusty (Octopode Wanderer)              Turns: 1116, Time: 00:04:55

Health: -5/17      AC:  1    Str: 10    XL:     2   Next: 83%
Magic:  3/5        EV: 12    Int: 14    God:
Gold:   37         SH:  0    Dex: 12    Spells: 0/6 levels left

rFire   . . .        i - +1 dagger (flame)
rCold   . . .        (no shield)
rNeg    . . .        c - +0 hat
rPois   .            (no amulet)
rElec   .            (no ring)
rCorr   .            (no ring)
SInv    .            (no ring)
Will    .....        (no ring)
Stlth   +++          (no ring)
HPRegen 0.22/turn    (no ring)
MPRegen 0.09/turn    (no ring)
                     (no ring)

%: no passive effects
@: very slightly contaminated
A: almost no armour, amphibious, 8 rings, camouflage 1, gelatinous body 1,
(nimble swimmer 1), tentacles
a: no special abilities


You were on level 2 of the Dungeon.
You visited 1 branch of the dungeon, and saw 2 of its levels.

You collected 37 gold pieces.

Inventory:

Hand Weapons
 a - a +0 dagger of protection
 d - a +0 sling
 i - a +1 dagger of flaming (weapon)
Armour
 c - a +0 hat (worn)
Jewellery
 j - a ring of fire
Scrolls
 e - 2 scrolls of identify {unknown}
 f - a scroll of noise {unknown}
 g - a scroll of enchant armour {unknown}
 h - a scroll of teleportation {unknown}
Potions
 b - a potion of curing


   Skills:
 - Level 2.0 Throwing
 - Level 2.6 Stealth
 + Level 2.5 Spellcasting
 - Level 2.0 Summonings
 - Level 3.0 Air Magic
 + Level 0.0 Poison Magic


You couldn't memorise any spells.
You knew the following spells:

 Your Spells              Type           Power      Damage    Failure   Level
a - Summon Small Mammal   Summ           28%        N/A       10%         1
b - Shock                 Conj/Air       20%        1d4       12%         1
c - Poisonous Vapours     Pois/Air       10%        N/A       19%         2
d - Static Discharge      Conj/Air       10%        2-3/arc   19%         2

Your spell library contained the following spells:

 Spells                   Type           Power      Damage    Failure   Level
 Summon Guardian Golem    Hex/Summ       4%         N/A       41%         3


Dungeon Overview and Level Annotations

Branches:
Dungeon (2/15)

Altars:

Annotations:
D:2 Sigmund, Terence


Innate Abilities, Weirdness & Mutations

You cannot wear most types of armour.
You are amphibious.
You can wear up to eight rings at the same time.
Your skin changes colour to match your surroundings (Stealth+).
Your rubbery body absorbs attacks. (AC +1, EV +1)
((You are camouflaged when in or above water. (Stealth+)))
You have tentacles for arms and can constrict up to eight enemies at once.


Message History

Memorise Static Discharge, consuming 2 spell levels and leaving 0?
You start memorising the spell.
You continue memorising. x2
You finish memorising.
Spell assigned to 'd'.
Casting: Shock (safe; 12% risk of failure)
Confirm with . or Enter, or press ? or * to list all spells.
Okay, then.
You climb downwards.
Level annotation: Terence
There is a stone staircase leading up here.
The helpless Sigmund fails to defend himself.
You hit Sigmund. You burn Sigmund. You grab Sigmund.
Sigmund is lightly wounded.
You constrict Sigmund. Sigmund closely misses you.
Casting: Shock (safe; 12% risk of failure)
Confirm with . or Enter, or press ? or * to list all spells.
Okay, then.
You completely miss Sigmund.
Sigmund is moderately wounded.
You constrict Sigmund.
Sigmund screams, "You will never...
NEVER!!!"
Sigmund points at you and mumbles some strange words.
You are confused.
You release your grip on Sigmund.
Sigmund attacks as you move away! Sigmund misses you.
There is a stone staircase leading up here.
Sigmund completely misses you.
You closely miss Sigmund. Your squeeze misses Sigmund.
Sigmund is moderately wounded.
Sigmund barely misses you.
You feel less confused. Sigmund hits you with a +0 scythe!
Ouch! That really hurt!
Okay, then.
Casting: Shock (safe; 12% risk of failure)
Confirm with . or Enter, or press ? or * to list all spells.
You miscast Static Discharge.
You are very lightly contaminated with residual magic.
Nothing appears to happen.
Sigmund hits you with a +0 scythe!
Ouch! That really hurt!
You die...

#######
#.....#
#.....#
#...@.#
#.<@..#
#.....#
.........#
..###.....#
#.....#
#.....#
#.##### ..
#..


You could see Sigmund.

Vanquished Creatures
  3 ball pythons (D:1)
  4 bats (D:1)
  An endoplasm (D:1)
  4 goblins
  5 kobolds
  A rat (D:1)
18 creatures vanquished.

Vanquished Creatures (collateral kills)
  An endoplasm (D:1)
1 creature vanquished.

Grand Total: 19 creatures vanquished

Notes
Turn   | Place    | Note
-------+----------+-------------------------------------------
     0 | D:1      | wingedge the Octopode Wanderer began the quest for the Orb.
     0 | D:1      | wingedge set off with the following items: a +0 dagger, a
                  | potion of curing, a +0 hat; and the following spells
                  | available to memorise: Summon Small Mammal, Shock,
                  | Poisonous Vapours, Static Discharge, Summon Guardian Golem.
     0 | D:1      | Reached XP level 1. HP: 11/11 MP: 2/2
     2 | D:1      | Learned a level 1 spell: Summon Small Mammal
     4 | D:1      | Learned a level 1 spell: Shock
   385 | D:1      | Reached XP level 2. HP: 12/17 MP: 1/4
  1032 | D:2      | Noticed Terence
  1102 | D:1      | Learned a level 2 spell: Poisonous Vapours
  1105 | D:1      | Learned a level 2 spell: Static Discharge
  1106 | D:2      | Noticed Sigmund
  1116 | D:2      | Slain by Sigmund

Illustrated notes

Levels and vault maps discovered:
D:1:      lemuel_arrival_hallway, layout_basic
D:2:      layout_rooms, serial_forest, infiniplex_forest_lined_2,
          infiniplex_forest_clump_diagonal, infiniplex_forest_lined_corner,
          infiniplex_forest_zigzag_2, infiniplex_forest_clump_long, basic_altar,
          uniq_sigmund, uniq_terence

Skill      XL: |  1  2 |
---------------+-------+-----
Spellcasting   | 2 |  2.5
Throwing       | |  2.0
Stealth        | |  2.6
Summonings     | |  2.0
Air Magic      | |  3.0

Action                     || total
---------------------------++-------
  Melee: Dagger            ||    22
         Constrict         ||     4
         Tentacles         ||     4
   Cast: Summon Small Mamm ||     9
         Shock             ||    19
   Stab: Sleeping          ||     2
 Armour: Skin              ||     2
  Dodge: Dodged            ||    19
